 Dungeon Crawl Stone Soup version 0.29.1-1-gd02db6906a (webtiles) character file.

Game seed: 2858159043835271494

152 NullDivider the Stinger (level 5, -5/31 HPs)
             Began as an Octopode Venom Mage on Sept 27, 2022.
             Killed from afar by an orc wizard (7 damage)
             ... with a magic dart
             ... on level 3 of the Dungeon.
             The game lasted 00:12:44 (2616 turns).

NullDivider the Stinger (Octopode Venom Mage)       Turns: 2616, Time: 00:12:46

Health: -5/31      AC:  1    Str:  8    XL:     5   Next: 34%
Magic:  3/9        EV: 13    Int: 19    God:
Gold:   93         SH:  0    Dex: 12    Spells: 3/9 levels left

rFire   . . .      SeeInvis .   n - +1 dagger (venom)
rCold   . . .      Faith    .   (no shield)
rNeg    . . .      Spirit   .   (helmet restricted)
rPois   .          Reflect  .   (no amulet)
rElec   .          Harm     .   (no ring)
rCorr   .          Rampage  .   (no ring)
Will    .....                   (no ring)
Stlth   +++.......              (no ring)
HPRegen 0.10/turn               (no ring)
MPRegen 0.11/turn               (no ring)
                                (no ring)
                                (no ring)

@: about to teleport
A: almost no armour, amphibious, 8 rings, camouflage 1, gelatinous body 1,
(nimble swimmer 1), tentacles
a: no special abilities


You were on level 3 of the Dungeon.
You visited 1 branch of the dungeon, and saw 3 of its levels.

You collected 93 gold pieces.

Inventory:

Hand Weapons
 i - a +1 dagger of speed
 n - a +1 dagger of venom (weapon)
Scrolls
 b - a scroll of immolation {unknown}
 c - a scroll of blinking {unknown}
 d - a scroll of vulnerability {unknown}
 e - a scroll of amnesia {unknown}
 g - a scroll of fear {unknown}
 h - a scroll of summoning {unknown}
 k - 2 scrolls of teleportation
 l - a scroll of brand weapon {unknown}
 o - a scroll of butterflies {unknown}
 q - a scroll of magic mapping {unknown}
Potions
 a - a potion of magic
 f - a potion of might {unknown}
 j - 3 potions of resistance {unknown}
 m - a potion of brilliance {unknown}
 p - a potion of lignification {unknown}


   Skills:
 + Level 0.1 Short Blades
 * Level 2.9 Dodging
 * Level 4.3 Stealth
 * Level 2.7 Spellcasting
 + Level 0.8 Conjurations
 - Level 1.2 Transmutations
 - Level 1.0 Air Magic
 * Level 4.5 Poison Magic


You had 3 spell levels left.
You knew the following spells:

 Your Spells              Type           Power      Damage    Failure   Level
a - Sting                 Tmut/Pois      52%        1d5       4%          1
b - Poisonous Vapours     Pois/Air       26%        N/A       8%          2
c - Mephitic Cloud        Conj/Pois/Air  10%        N/A       19%         3

Your spell library contained the following spells:

 Spells                   Type           Power      Damage    Failure   Level
 Olgreb's Toxic Radiance  Pois           20%        N/A       24%         4


Dungeon Overview and Level Annotations

Branches:
Dungeon (3/15)

Altars:


Innate Abilities, Weirdness & Mutations

You cannot wear most types of armour.
You are amphibious.
You can wear up to eight rings at the same time.
Your skin changes colour to match your surroundings (Stealth+).
Your rubbery body absorbs attacks. (AC +1, EV +1)
((You are camouflaged when in or above water. (Stealth+)))
You have tentacles for arms and can constrict up to eight enemies at once.


Message History

Press: ? - help, Dir - move target, f/p - orc wizard
Aim: an orc wizard, wielding a +0 dagger and wearing a +0 robe (poisoned) Poisonous vapours surround the orc wizard!
The orc wizard looks even sicker.
The orc shouts!
The orc wizard points at you and mumbles some strange words.
You are confused.
You hear a shout!
You're too confused to cast spells.
You bump into the rock wall.
The orc wizard casts a spell.
The orc wizard flickers and vanishes!
Deactivating autopickup; reactivate with Ctrl-A.
An orc and an orc wizard come into view.
The orc hits you with a +0 mace.
The orc wizard shouts!
The orc barely misses you.
Your magical contamination has completely faded away.
The orc attacks as you move away! The orc closely misses you.
You feel less confused.
The sting hits the orc.
The orc is poisoned.
The orc is lightly wounded.
The orc misses you.
You hear some strange, mumbled words.
A magic dart appears from out of thin air!
The magic dart hits you!
As you read the scroll of teleportation, it crumbles to dust.
You feel strangely unstable. The orc hits you with a +0 mace.
The orc wizard closely misses you. Something hits you.
* * * LOW HITPOINT WARNING * * *
The orc hits you with a +0 mace.
* * * LOW HITPOINT WARNING * * *
Something hits you but does no damage.
The orc wizard attacks as you move away!
The orc wizard hits you with a +0 dagger.
* * * LOW HITPOINT WARNING * * *
You hear some strange, mumbled words.
A magic dart appears from out of thin air!
The magic dart hits you!
You die...

#.......# #.# #.......#
#.# ' #####.##### #.# ..
#........# ####.# ...
#.##.###.# ##.##.# ....
#.
.#.###.#####...#.##.....
.
...................'.....
....###.#####..{...#....
....# #.# #...@oo..# .
#.#.## #.# #.####o..#
#... ..# #. ##### ### #


You could see an orc wizard and 2 orcs.

Vanquished Creatures
  Natasha (thrice) (D:2)
  An adder (D:2)
  2 worms (D:2)
  A dart slug (D:3)
  5 orcs
  3 endoplasms
  4 giant cockroaches
  5 goblins
  6 hobgoblins
  2 jackals
  3 quokkas
  3 ball pythons
  4 bats
  3 frilled lizards (D:1)
  4 kobolds
  6 rats
55 creatures vanquished.

Notes
Turn   | Place    | Note
-------+----------+-------------------------------------------
     0 | D:1      | NullDivider the Octopode Venom Mage began the quest for the
                  | Orb.
     0 | D:1      | Reached XP level 1. HP: 11/11 MP: 3/3
   165 | D:1      | Reached XP level 2. HP: 17/17 MP: 3/5
   168 | D:1      | Learned a level 2 spell: Poisonous Vapours
   228 | D:1      | Found a faded altar of an unknown god.
   872 | D:1      | Reached XP level 3. HP: 20/21 MP: 2/6
   876 | D:1      | Learned a level 3 spell: Mephitic Cloud
  1109 | D:2      | Noticed Natasha
  1196 | D:2      | Killed Natasha
  1197 | D:2      | Reached XP level 4. HP: 23/27 MP: 0/7
  1299 | D:2      | Noticed Natasha
  1314 | D:2      | Killed Natasha
  1814 | D:2      | Noticed Natasha
  1823 | D:2      | Killed Natasha
  1824 | D:2      | Reached skill level 1 in Air Magic
  1824 | D:2      | Reached XP level 5. HP: 20/31 MP: 0/9
  2616 | D:3      | Killed from afar by an orc wizard

Illustrated notes

Levels and vault maps discovered:
D:1:      spicycebolla_arrival_clurvy, layout_rooms,
          hellmonk_ecumenical_altar_inner_sanctum, nrook_uturn
D:2:      layout_rooms, uniq_natasha
D:3:      layout_loops_corners, minmay_misc_feat_plants

Skill      XL: |  1  2  3  4 |
---------------+-------------+-----
Stealth        | 3 4 |  4.3
Poison Magic   | 4 |  4.5
Air Magic      | 1 |  1.0
Short Blades   | |  0.1
Dodging        | |  2.9
Spellcasting   | |  2.7
Conjurations   | |  0.8
Transmutations | |  1.2

Action                   |  1- 3 |  4- 6 || total
-------------------------+-------+-------++-------
Melee: Unarmed           |    15 |       ||    15
       Constrict         |     6 |     6 ||    12
       Tentacles         |     4 |     7 ||    11
       Dagger            |     8 |    34 ||    42
       Punch             |       |     1 ||     1
 Cast: Sting             |    44 |    35 ||    79
       Poisonous Vapours |     1 |    15 ||    16
  Use: Scroll            |       |     2 ||     2
 Stab: Sleeping          |       |     2 ||     2
Armor: Skin              |     1 |     5 ||     6
Dodge: Dodged            |    13 |    27 ||    40
